 Dungeon Crawl Stone Soup version 0.29-a0-824-gd827844252 (webtiles) character file.

Game seed: 3918698025689349241

327 masada555 the Trooper (level 6, -10/58 HPs)
             Began as a Minotaur Fighter on July 10, 2022.
             Was a Believer of Makhleb.
             Mangled by an ogre
             ... wielding a +0 giant spiked club
              (15 damage)
             ... on level 5 of the Dungeon.
             The game lasted 00:21:44 (3524 turns).

masada555 the Trooper (Minotaur Fighter)            Turns: 3524, Time: 00:21:48

Health: -10/58     AC: 12    Str: 22    XL:     6   Next: 24%
Magic:  5/5        EV: 10    Int:  5    God:    Makhleb [**....]
Gold:   288        SH:  4    Dex: 10    Spells: 5/5 levels left

rFire   . . .      SeeInvis .   y - +0 long sword (holy)
rCold   . . .      Faith    .   c - +0 buckler
rNeg    . . .      Spirit   .   g - +0 plate armour
rPois   +          Reflect  .   (helmet restricted)
rElec   .          Harm     .   (no cloak)
rCorr   .          Rampage  .   (no gloves)
Will    .....                   (no boots)
Stlth   ..........              (no amulet)
HPRegen 0.19/turn               e - ring of poison resistance
MPRegen 0.09/turn               s - +4 ring of evasion

@: mighty
A: horns 2, retaliatory headbutt
a: Renounce Religion, Minor Destruction


You were on level 5 of the Dungeon.
You worshipped Makhleb.
Makhleb was pleased with you.
You visited 1 branch of the dungeon, and saw 5 of its levels.

You collected 288 gold pieces.

Inventory:

Hand Weapons
 a - a +0 long sword
 y - a +0 long sword of holy wrath (weapon)
Armour
 c - a +0 buckler (worn)
 g - a +0 plate armour (worn)
Magical Staves
 v - a staff of fire
Jewellery
 e - a ring of poison resistance (left hand)
 k - a ring of flight
 n - an amulet of magic regeneration
 s - a +4 ring of evasion (right hand)
 u - a ring of resist corrosion
Scrolls
 b - a scroll of enchant weapon
 f - a scroll of magic mapping
 h - a scroll of amnesia
 m - a scroll of fog {unknown}
 r - 2 scrolls of teleportation
 t - a scroll of fear {unknown}
 x - a scroll of torment {unknown}
Potions
 d - 3 potions of might
 i - a potion of attraction {unknown}
 j - a potion of invisibility {unknown}
 l - 2 potions of cancellation
 o - 3 potions of haste {unknown}
 p - a potion of heal wounds {unknown}
 q - 2 potions of curing
 w - a potion of lignification {unknown}
 z - a potion of magic {unknown}
 A - a potion of degeneration {unknown}


   Skills:
 * Level 6.7 Fighting
 - Level 2.4 Long Blades
 + Level 5.4 Armour
 + Level 4.8 Shields


You had 5 spell levels left.
You didn't know any spells.
Your spell library contained the following spells:

 Spells                   Type           Power      Damage    Failure   Level
 Freeze                   Ice            0%         1d3       100%        1
 Frozen Ramparts          Ice            0%         1d2       100%        3
 Hailstorm                Conj/Ice       0%         3d3       100%        4
 Dispersal                Tloc           0%         N/A       100%        6
 Disjunction              Tloc           0%         N/A       100%        8


Dungeon Overview and Level Annotations

Branches:
Dungeon (5/15)
 Temple: D:4-7

Altars:
Makhleb

Shops:
D:1 [

Annotations:
D:3 1 runed translucent door, peter4's ghost, weakling PaFi
D:4 2 transporters


Innate Abilities, Weirdness & Mutations

You have a pair of horns on your head.
You reflexively headbutt those who attack you in melee.


Message History

You feel very mighty all of a sudden. Something hits you but does no damage.
The ogre barely misses you.
You barely miss the ogre.
The ogre is lightly wounded.
Something hits you but does no damage. The ogre closely misses you.
A sky beast appears from thin air!
Reactivating autopickup.
You block the sky beast's attack.
You barely miss the ogre.
The ogre is lightly wounded.
The sky beast flickers out of sight!
Deactivating autopickup; reactivate with Ctrl-A.
Something hits you. Something shocks you.
The ogre hits you with a +0 giant club!
* * * LOW HITPOINT WARNING * * *
Okay, then.
As you read the scroll of teleportation, it crumbles to dust.
You feel strangely unstable. The worm bites you.
* * * LOW HITPOINT WARNING * * *
Something hits you but does no damage. The ogre hits you with a +0 giant club!
* * * LOW HITPOINT WARNING * * *
Something hits you but does no damage. The ogre attacks as you move away!
You block the ogre's attack. Something hits you but does no damage.
A sky beast appears from thin air!
Reactivating autopickup.
The sky beast attacks as you move away!
The sky beast hits you but does no damage.
Your surroundings suddenly seem different.
A quokka, a shadow imp and an ogre come into view.
The shadow imp shouts, "Away with thee, thou hateful common-kissing veal!"
The ogre shouts!
You slash the ogre! You headbutt the ogre!
The ogre is severely wounded.
The quokka closely misses you. You furiously retaliate!
You headbutt the quokka!
You kill the quokka!
Makhleb accepts your kill.
The ogre hits you with a +0 giant spiked club!
You die...

## #. ##
##.##.#
##.....####.
#...@.......
##..O..#....
#......5# .
#.........
#..........
..........##..
###.#....... .
..#........


You could see an ogre and a shadow imp.

Vanquished Creatures
  Menkaure (D:4)
  A scorpion (D:5)
  Robin (D:3)
  2 adders
  A white imp (D:5)
  A worm (D:4)
  A dart slug (D:4)
  13 orcs (D:3)
  5 ball pythons
  9 endoplasms
  2 giant cockroaches
  10 goblins
  12 hobgoblins
  9 jackals
  3 quokkas
  7 bats
  4 frilled lizards (D:1)
  4 kobolds
  3 rats
89 creatures vanquished.

Vanquished Creatures (others)
  3 demonic plants (D:2)
  2 fungi (D:2)
  A withered plant (D:2)
6 creatures vanquished.

Grand Total: 95 creatures vanquished

Notes
Turn   | Place    | Note
-------+----------+-------------------------------------------
     0 | D:1      | masada555 the Minotaur Fighter began the quest for the Orb.
     0 | D:1      | Reached XP level 1. HP: 19/19 MP: 0/0
   155 | D:1      | Reached skill level 4 in Fighting
   236 | D:1      | Found Anlic's Antique Armour Shoppe.
   248 | D:1      | Reached XP level 2. HP: 27/27 MP: 1/1
   907 | D:2      | Reached XP level 3. HP: 34/34 MP: 2/2
  1085 | D:2      | Found a faded altar of an unknown god.
  1469 | D:2      | Prayed at the altar of an unknown god.
  1469 | D:2      | Became a worshipper of Makhleb the Destroyer
  1469 | D:2      | Reached * piety under Makhleb
  1510 | D:2      | Reached skill level 5 in Fighting
  1537 | D:2      | You are sucked into a shaft and drop 1 floor!
  1726 | D:3      | Noticed peter4's ghost (weakling PaFi)
  1727 | D:3      | Found a runed translucent door.
  1742 | D:3      | Reached XP level 4. HP: 39/42 MP: 3/3
  1875 | D:3      | Noticed Robin
  1879 | D:3      | Reached ** piety under Makhleb
  1882 | D:3      | Killed Robin
  2455 | D:4      | Noticed Menkaure
  2465 | D:4      | Killed Menkaure
  2466 | D:4      | Reached skill level 6 in Fighting
  2466 | D:4      | Reached skill level 5 in Armour
  2466 | D:4      | Reached XP level 5. HP: 29/51 MP: 4/4
  2769 | D:4      | Found a transporter.
  2844 | D:4      | Found a transporter.
  3252 | D:5      | Entered Level 5 of the Dungeon
  3261 | D:5      | Reached XP level 6. HP: 38/58 MP: 5/5
  3506 | D:5      | Noticed a sky beast
  3524 | D:5      | Mangled by an ogre

Illustrated notes

Levels and vault maps discovered:
D:1:      minmay_arrival_plants_in_alcoves, layout_loops_ring, serial_shops,
          nicolae_shop_hallway_stairs
D:2:      layout_loops_ring, shapermc_ecumenical_altar_gd,
          kennysheep_pointless_box, minivault_27, kennysheep_generic_room_10
D:3:      layout_basic, gammafunk_ghost_grave, uniq_robin
D:4:      gammafunk_cloud_chamber, layout_basic, uniq_menkaure
D:5:      layout_cave_pools, vehumet_altar_wand_db, marbit_many_paths,
          serial_shops, shop

Skill      XL: |  1  2  3  4 |
---------------+-------------+-----
Fighting       | 4 5 6 |  6.7
Armour         | 4 5 |  5.4
Shields        | 4 |  4.8
Long Blades    | |  2.4

Action                   |  1- 3 |  4- 6 || total
-------------------------+-------+-------++-------
Melee: Long sword        |   100 |    88 ||   188
       Headbutt          |    21 |    16 ||    37
  Use: Scroll            |     1 |     6 ||     7
       Potion            |       |     2 ||     2
Armor: Scale mail        |     9 |       ||     9
       Plate armour      |    29 |    37 ||    66
Dodge: Dodged            |    47 |    42 ||    89
Block: Buckler           |    17 |    27 ||    44

Table legend: (Time is in decaauts)
 A = Elapsed time spent in this place.
 B = Non-inter-level travel time spent in this place.
 C = Inter-level travel time spent in this place.
 D = Time resting spent in this place.
 E = Time spent auto-exploring this place.
 F = Levels seen in this place.
 G = Mean time per level.
                   A        B        C        D        E       F      G
               +--------+--------+--------+--------+--------+-----+--------+
         Total |   3580 |   3429 |    151 |      0 |   2481 |   5 |  716.0 |
       Dungeon |   3580 |   3429 |    151 |      0 |   2481 |   5 |  716.0 |
               +--------+--------+--------+--------+--------+-----+--------+

Top non-repeatable levels by time:
     D:2: 923 daAuts
     D:4: 886 daAuts
     D:3: 757 daAuts
     D:1: 738 daAuts
     D:5: 275 daAuts
